AoeStats
← Kebabs&Roses

Fortress

510118458Analyzed
4v4 RM · 23h ago on Sep 29, 2026· 11m 53s· 8 players
Game mode
Random Map
Map size
Huge
Population
200
Speed
Normal
Resources
Standard
Victory
Conquest
Starting age
Dark Age
Ending age
Imperial Age
RankedLock teamsTeams togetherTeam positionsShared explorationLock speedFull tech treeHidden civsTurbo modeCheats
Victory
Defeat
🇪🇸 Bohemians · Spain
1141
+14
🇨🇴 Britons · Colombia
1130
+14
🇨🇳 Spanish · China
1120
+15
🇨🇳 Turks · China
1120
+15
🇳🇱 Spanish · Netherlands
1126
-16
🇹🇷 Mongols · Türkiye
1090
-14
🇷🇺 Saxons · Russia
1079
-14
🇩🇪 Danes · Germany
1071
-14
Kebabs&Roses
7:22 Feudal Age
9:21 Wheelbarrow
AmbassadorKaifa
6:35 Loom
8:21 Feudal Age
BlandToaster625
7:29 Feudal Age
theDude
7:24 Feudal Age
11:22 Castle Age
11:12 Double-Bit Axe
Elfelo
7:17 Feudal Age
9:28 Loom
12:15 Castle Age
10:33 Fletching
11:02 Double-Bit Axe
11:29 Horse Collar
12:30 Padded Archer Armor
蒙古铁骑
8:54 Feudal Age
13:18 Castle Age
11:30 Double-Bit Axe
11:38 Gold Mining
John Kalztan
6:53 Feudal Age
7:15 Feudal Age
7:30 Loom
12:23 Castle Age
10:32 Double-Bit Axe
justdoing
8:14 Feudal Age
12:37 Castle Age
11:07 Double-Bit Axe
11:04 Horse Collar
11:37 Gold Mining
12:00 Padded Archer Armor
Connection lost

Rejoining the realm…

Still unreachable

The connection could not be restored.

Session expired

The server has moved on; the page needs a fresh start.